[Event "US Masters 2024"]
[Site "Charlotte"]
[Date "2024.11.29"]
[Round "4.11"]
[White "Bortnyk, Olexandr"]
[Black "Heimann, Mark"]
[Result "0-1"]
[ECO "B40"]
[WhiteElo "2603"]
[BlackElo "2459"]
[Annotator "TA"]
[PlyCount "106"]
[EventDate "2024.09.23"]
[EventType "swiss"]
[EventCountry "USA"]
[SourceTitle "playchess.com"]
[Source "ChessBase"]
[SourceQuality "1"]
[TimeControl "5400+30"]

1. e4 c5 2. Nf3 e6 3. Nc3 Nc6 4. g3 Qb6 5. Bg2 d6 6. d3 {[%emt 0:00:38] B40: Sicilian: 2...e6, Unusual lines.} Nf6 7. O-O Be7 8. Kh1 Rb8 $146 ({Predecessor:} 8... O-O 9. Nh4 e5 10. h3 Be6 11. f4 exf4 12. Nd5 Bxd5 13. exd5 Ne5 14. Nf5 Bd8 15. Bxf4 {1-0 Fiala,L (1603)-Modrzejewski,T (1551) Lublin Zukertort Memorial 5th 2013 (7)}) 9. Nd2 h5 10. h3 Qc7 11. f4 b5 12. a4 b4 13. Nb5 Qd7 14. e5 dxe5 15. Nc4 a6 16. fxe5 axb5 17. axb5 Rxb5 18. exf6 gxf6 19. Ra8 Kf8 20. Bg5 f5 21. Bxc6 Qxc6+ 22. Qf3 Qd7 23. Ne5 Qc7 24. Rfa1 Kg7 25. Rxc8 Rxc8 26. Qxh5 Qxe5 27. Bxe7 Kg8 $1 (27... Qxb2 28. Qg5+ Kh7 29. Bf6 $18) (27... Qxg3 $2 28. Rg1 $18) 28. Qh4 {[%emt 0:03:07] [#]} Qh8 $1 (28... Qxb2 $2 29. Bf6 $18) 29. Qg5+ Qg7 30. Qh4 Qh7 $1 (30... Qxb2 $2 31. Bf6 $18) 31. Qg5+ Qg6 32. Qh4 {[%emt 0:02:08] [#]} Kg7 $1 33. Bd6 Rb7 34. Kg2 Qh6 35. Qc4 (35. Be5+ {was necessary.} Kh7 36. Qc4) 35... Qe3 $19 36. Qa6 Qe2+ 37. Kg1 Qf3 $1 38. Be5+ Kg6 39. Rf1 Qd5 40. Bf4 (40. b3 $142) 40... c4 $19 41. Re1 (41. Rf2 $142 cxd3 42. cxd3) 41... cxd3 $19 42. Re5 Qc6 (42... Qd4+ $142 43. Kh1 d2 44. Rxe6+ fxe6 (44... f6 $2 45. Bxd2 Rxc2 46. Rd6 $19) 45. Qxe6+ Qf6 46. Qd5 Rd8 (46... Qxb2 47. Bxd2 Re7 48. Qd6+ Qf6 49. Qxf6+ Kxf6 50. Bxb4 Re2 51. c3 Ke5 52. h4 Ke4 53. h5 Ra8 54. Bc5 Kf3 55. Bg1 Rg2 56. h6 Ra1 57. h7 Raxg1#) 47. Qg8+ Rg7 (47... Rxg8 48. Bxd2 Re7 49. h4 Qc6+ 50. Kg1 Re2 51. h5+ Kf7 52. Bxb4 Qg2#) 48. Qd5 Rxd5 (48... d1=Q+ 49. Qxd1 Rxd1+ 50. Kg2 Qc6+ 51. Kf2 Qxc2+ 52. Kf3 Rf1+ 53. Ke3 Qd1 54. h4 Rf3#) 49. Kh2 d1=Q (49... d1=B 50. h4 Qxb2 51. Kg1 Qxc2 52. Be3 Bf3 53. Bd2 Qd1+ 54. Be1 Qxe1+ 55. Kh2 Qh1#) 50. h4 Qe2+ (50... Qxc2+ 51. Kh3 Kf7 52. Bg5) 51. Kh3 Kf7 (51... Qxb2 52. h5+ Kxh5 53. Bh6 Qf1+ 54. Kh2 Qxc2+ 55. Bd2 Rxd2#) 52. Bc1 Qxh4+ 53. gxh4 Qg2#) 43. Qxd3 $19 Rd7 44. Qe2 Qc4 ({Don't take} 44... Qxc2 45. Rxe6+ f6 (45... fxe6 46. Qxe6+ Kg7 47. Qxd7+ Kf6 48. Qd6+ Kf7 49. Qd7+ Kf6 50. Qd6+ Kf7 51. Qd5+ Kf6 52. Qd6+ $11) 46. Kf2 Qc5+ 47. Kf1) 45. h4 Qd4+ 46. Kh2 Qc4 $2 (46... Qxb2 47. Rxe6+ f6 (47... fxe6 48. Qxe6+ Qf6 49. h5+ Kxh5 50. Qxf6 $18) 48. Rc6 $11) ({Black should play} 46... Rd6 $19 47. Qg2 Qxb2) 47. Qf2 $2 (47. Kg1 $11 Qxe2 (47... Qxc2 $2 48. Rxe6+ fxe6 49. Qxe6+ Kh5 50. Qxd7 $19) 48. Rxe2) 47... Qxc2 $19 48. Re2 b3 49. Kh3 Qd1 50. g4 fxg4+ 51. Kg3 Rc2 52. h5+ Kh7 ({Weaker is} 52... Kxh5 53. Qh2+ Kg6 54. Qh6+ Kf5 55. Qg5#) 53. Rxc2 bxc2 0-1

[Event "US Masters 2024"]
[Site "Charlotte"]
[Date "2024.11.29"]
[Round "4.12"]
[White "Rahul Srivatshav P"]
[Black "Antipov, Mikhail Al."]
[Result "0-1"]
[ECO "D46"]
[WhiteElo "2494"]
[BlackElo "2602"]
[Annotator "TA"]
[PlyCount "92"]
[EventDate "2024.09.23"]
[EventType "swiss"]
[EventCountry "USA"]
[SourceTitle "playchess.com"]
[Source "ChessBase"]
[SourceQuality "1"]
[TimeControl "5400+30"]

1. d4 Nf6 2. c4 e6 3. Nf3 d5 4. Nc3 c6 5. e3 Nbd7 6. Qc2 Bd6 7. Bd3 O-O 8. O-O dxc4 9. Bxc4 a6 10. Rd1 b5 11. Bd3 Bb7 12. Ng5 h6 13. Nge4 {[%emt 0:00:33] White has an edge.} Bb8 14. Nc5 Nxc5 15. dxc5 Qe7 16. Ne4 Nxe4 17. Bxe4 f5 18. Bd3 Bc8 ({Better is} 18... a5 $11) 19. a4 $14 b4 20. b3 (20. a5 $14) 20... a5 $1 $11 21. Bb2 Ra7 22. Bc4 Kh8 23. g3 e5 24. Rac1 Rd7 25. Rxd7 Bxd7 26. Bf1 Bc7 27. Rd1 Be6 28. Bg2 $2 (28. Bc4 $1 $15) 28... Qf7 $19 29. Qe2 Bxb3 30. Ra1 Bc4 31. Qc2 e4 32. Bf1 Bxf1 33. Rxf1 Qe6 34. Rd1 Rd8 35. h4 Rd5 36. h5 (36. Qb3 $142) 36... Kh7 37. Rd4 {[%emt 0:00:54] [#]} Bd8 $1 38. Qc4 Be7 39. Rxd5 Qxd5 {[%emt 0:00:10][%mdl 4096] Endgame. KQB-KQB} 40. Qa6 (40. Qxd5 cxd5 41. c6) 40... Qxc5 $2 (40... f4 $19 41. gxf4 Qd1+ (41... Bxc5 42. Qxa5 Qd1+ 43. Kg2 $15) (41... Qxh5 $2 42. Qc8 $19) (41... Qxc5 42. Qb7 $17) 42. Kg2 Bh4 (42... Qxh5 $2 43. Qc8 $19) (42... Bxc5 43. Qxc6 Qf3+ 44. Kg1 $11)) 41. Bd4 (41. Qc8 $11 {and White has nothing to worry.}) 41... Qd5 {[%emt 0:00:55][%cal Of5f4] aiming for ...f4!} 42. Qa7 Bf8 43. Qb7 Kg8 $2 (43... f4 $19 {and Black stays clearly on top.} 44. gxf4 Qxh5) 44. Kg2 $17 {[%emt 0:00:13] [#]} Qc4 $1 45. Qc8 (45. Qd7 $17 {was worth a try.}) 45... c5 $19 46. Qc7 $2 (46. Qc6) 46... Qf7 {[%emt 0:00:25] Weighted Error Value: White=0.60/Black=0.24 (precise) .  Loses game:     	White=2     	---        Missed win:     	---       	Black=2      Mistake:       	White=5     	Black=1      Inaccurate:     	White=2     	Black=1      OK:         	White=11    	Black=17     Best:        	White=2     	Black=3      Strong:       	---       	Black=3} 0-1

[Event "US Masters 2024"]
[Site "Charlotte"]
[Date "2024.11.29"]
[Round "4.13"]
[White "Kevlishvili, Robby"]
[Black "Bilych, Oleksii"]
[Result "1/2-1/2"]
[ECO "B22"]
[WhiteElo "2556"]
[BlackElo "2429"]
[Annotator "TA"]
[PlyCount "47"]
[EventDate "2024.09.23"]
[EventType "swiss"]
[EventCountry "USA"]
[SourceTitle "playchess.com"]
[Source "ChessBase"]
[SourceQuality "1"]
[TimeControl "5400+30"]

1. e4 c5 2. c3 d5 3. exd5 Qxd5 4. d4 Nf6 5. Nf3 e6 6. Na3 a6 7. Nc4 Nbd7 8. Be2 b5 9. Ne3 Qc6 10. a4 {[%emt 0:00:21] And now axb5 would win.} Bb7 11. axb5 axb5 12. Rxa8+ Bxa8 13. dxc5 Qxc5 14. Nc2 Nd5 15. Ncd4 b4 16. Bb5 (16. c4 {simplifies} N5b6 17. O-O Be7 18. b3) 16... bxc3 (16... Bd6 $11) 17. Ne5 $16 cxb2 $1 18. Bxd7+ (18. Nxd7 $2 {loses.} Qxc1 (18... bxc1=Q $2 19. Nxc5+ Kd8 20. Qxc1 $18) 19. Nb6+ Kd8 $19) 18... Ke7 19. Bxb2 Qb4+ $1 20. Qd2 {[%emt 0:00:26] aiming for Bc6.} f6 $1 {[%emt 0:00:04] [#]} 21. Bxe6 fxe5 {[%emt 0:01:48] The position is equal.} 22. Bxd5 Qxd2+ 23. Kxd2 Bxd5 24. Nf5+ {[%emt 0:04:40] Weighted Error Value: White=0.15 (very precise) /Black=0.13 (very precise) .  Mistake:       	White=1     	Black=1      Inaccurate:     	White=3     	Black=1      OK:         	White=2     	Black=5      Best:        	White=3     	Black=2      Strong:       	---       	Black=3} 1/2-1/2

[Event "US Masters 2024"]
[Site "Charlotte"]
[Date "2024.11.29"]
[Round "4.14"]
[White "Sinha, Sahil"]
[Black "Harsha Bharathakoti"]
[Result "1/2-1/2"]
[ECO "E10"]
[WhiteElo "2346"]
[BlackElo "2531"]
[Annotator "TA"]
[PlyCount "45"]
[EventDate "2024.09.23"]
[EventType "swiss"]
[EventCountry "USA"]
[SourceTitle "playchess.com"]
[Source "ChessBase"]
[SourceQuality "1"]
[TimeControl "5400+30"]

1. d4 Nf6 2. c4 e6 3. Nf3 h6 4. Nc3 Bb4 5. Qc2 c5 6. dxc5 Na6 7. g3 Nxc5 8. Bg2 {[%emt 0:00:00] The position is equal.} Nce4 9. O-O Nxc3 10. bxc3 Bc5 11. e4 Nh7 12. e5 Rb8 $1 13. Nd2 b6 14. Ne4 Be7 15. Rd1 O-O 16. Qa4 Bb7 17. Qxa7 Qc8 18. Be3 (18. Qxb6 $2 {loses.} Bxe4 (18... Qxc4 19. Qd4 $16) 19. Qe3 Bxg2 20. Kxg2 Qxc4 $19) 18... Qxc4 19. Rd4 Qc8 20. Rad1 Bc6 21. Rc4 {[%emt 0:00:00][%cal Oc4c6] [#] Threatens to win with Rxc6!} Rb7 $1 22. Qa6 Rb8 (22... Qb8 $11 {was preferrable.}) 23. Qa7 {[%emt 0:00:30] Weighted Error Value: White=0.06 (flawless) /Black=0.05 (flawless) .  Mistake:       	White=1     	Black=1      Inaccurate:     	White=1     	Black=1      OK:         	White=7     	Black=8      Best:        	---       	Black=1      Strong:       	---       	Black=2} (23. Qxc8 $1 $14 Rfxc8 24. Nd6 Bxd6 25. Rxd6) 1/2-1/2

[Event "US Masters 2024"]
[Site "Charlotte"]
[Date "2024.11.29"]
[Round "4.15"]
[White "Woodward, Andy"]
[Black "Juksta, Karolis"]
[Result "1-0"]
[ECO "E01"]
[WhiteElo "2525"]
[BlackElo "2408"]
[Annotator "TA"]
[PlyCount "75"]
[EventDate "2024.09.23"]
[EventType "swiss"]
[EventCountry "USA"]
[SourceTitle "playchess.com"]
[Source "ChessBase"]
[SourceQuality "1"]
[TimeControl "5400+30"]

1. d4 d5 2. c4 e6 3. Nf3 Nf6 4. g3 h6 5. Bg2 Bd6 6. O-O O-O 7. Nc3 Nc6 8. b3 {[%emt 0:00:18] White is slightly better.} dxc4 9. bxc4 e5 10. Nxe5 Nxe5 11. c5 Bxc5 12. dxe5 Qxd1 13. Rxd1 Ng4 14. Ne4 Bb6 15. a4 Bf5 16. a5 Bxe4 17. axb6 Bxg2 18. Kxg2 axb6 (18... cxb6 19. f4 h5 20. h3 $14) 19. Rxa8 Rxa8 $11 {[%emt 0:00:06][%mdl 4096] Endgame. KRB-KRN} 20. f4 Ra1 21. Rd8+ $1 (21. h3 $2 Ne3+ 22. Bxe3 Rxd1 $19) 21... Kh7 22. Bd2 {[%emt 0:00:10][%mdl 1024] White has compensation.} Rd1 $1 23. Rd3 {[%emt 0:00:27] Dodges Ne3+. aiming for h3.} (23. h3 Ne3+ 24. Kf2 Nc4 $19) 23... h5 $1 24. h3 Nh6 25. e4 b5 $1 {[%emt 0:04:37][%cal Bb6b5,Bb5b4][%mdl 32] ...b4 would now be deadly.} 26. Kf3 c5 (26... b4 $11 {keeps the balance.} 27. Ke2 Rh1) 27. Ke2 (27. Rd6 $1 $16) 27... Rh1 28. f5 {[%emt 0:01:50][%cal Bf4f5,Bf5e6,Be6e7][%mdl 32] Strongly threatening Rd7.} b4 $1 {[%emt 0:12:59] White must now prevent ...c4.} (28... Rxh3 29. Bxh6 Kxh6 30. Rd8 Rh2+ (30... Rxg3 $2 31. e6 $18) 31. Ke3 $18) 29. Rd7 b5 {[%emt 0:02:22] And now ...b3 would win.} (29... Rxh3 $2 30. Bxh6 Kxh6 31. Rxf7 Rh2+ (31... Rxg3 $2 32. e6 $18) 32. Ke3 $18) 30. e6 fxe6 (30... Rxh3 $2 31. e7 (31. exf7 Nxf7 32. Rxf7 b3 $11) 31... Ng4 32. e8=Q $18 (32. e8=R Rh2+ 33. Kd1 Nf6 $15)) 31. fxe6 {[%emt 0:00:06] e7 is the strong threat.} Kg6 (31... Rxh3 $2 32. e7 Rh2+ 33. Kd1 $18) 32. Bf4 Kf6 {[%emt 0:01:34][%mdl 8192] Prevents Be5+.} (32... Rxh3 $2 33. Be5 Rh2+ 34. Kd1 (34. Kf3 $2 Ng4 $19) 34... Rh1+ 35. Kc2 $18) (32... Ng8 $1 $11 {and Black is okay.} 33. Be5 Nf6 (33... Rxh3 34. Rxg7+ Kh6 35. Rxg8 Rh2+ 36. Kf3 Rh1 37. e7 Rf1+ 38. Ke2)) 33. e7 $18 Kf7 {[%emt 0:00:01] [#] Threatens to win with ...Ng8. White is clearly winning.} 34. e5 $1 {[%emt 0:00:26][%cal Be4e5,Be5e6][%mdl 32] White wants to mate with e6+!} Ke8 {[%emt 0:00:39] [#]} ({Weaker is} 34... Rxh3 35. e6+ Ke8 36. Bg5 Rh2+ 37. Kd1 (37. Kf3 Rf2+ 38. Kxf2 Ng4+ 39. Ke2 Nf6 40. Bxf6 gxf6 41. Kd1 c4) 37... Rh1+ 38. Kc2 b3+ 39. Kxb3 c4+ 40. Kb4 (40. Kc3 b4+ 41. Kxb4 Rb1+ 42. Kc5 Rb5+ 43. Kxb5 Nf7 44. Rd8+ Nxd8 45. exd8=Q#) 40... Rb1+ 41. Kc5 Nf7 42. Rd8+) 35. e6 Rh2+ ({Inferior is} 35... Rxh3 36. Bg5 Rh2+ 37. Kd1 (37. Kf3 Rf2+ 38. Kxf2 Ng4+ 39. Ke2 Nf6 40. Bxf6 gxf6 41. Kd2 f5) 37... Rh1+ 38. Kc2 b3+ 39. Kxb3 c4+ 40. Kb4 (40. Kc3 b4+ 41. Kxb4 Rb1+ 42. Kc5 Rb5+ 43. Kxb5 Nf7 44. Rd8+ Nxd8 45. exd8=Q#) 40... Rb1+ 41. Kc5 Nf7 42. Rd8+) (35... Nf5 $142) 36. Kf1 {[%emt 0:05:05] White threatens Bg5 and mate.} Rh1+ 37. Kg2 {[%emt 0:00:02][%cal Of4g5] Bg5! would kill now.} Re1 38. Bd6 {[%emt 0:00:05] Weighted Error Value: White=0.06 (flawless) /Black=0.17 (very precise) .  Loses game:     	---       	Black=1      Mistake:       	White=1     	Black=2      Inaccurate:     	White=1     	Black=1      OK:         	White=14    	Black=16     Best:        	White=2     	Black=3      Strong:       	White=2     	Black=4} 1-0

[Event "US Masters 2024"]
[Site "Charlotte"]
[Date "2024.11.29"]
[Round "4.16"]
[White "Parkhov, Yair"]
[Black "Zhou, Liran"]
[Result "1/2-1/2"]
[ECO "E49"]
[WhiteElo "2523"]
[BlackElo "2390"]
[Annotator "TA"]
[PlyCount "138"]
[EventDate "2024.09.23"]
[EventType "swiss"]
[EventCountry "USA"]
[SourceTitle "playchess.com"]
[Source "ChessBase"]
[SourceQuality "1"]
[TimeControl "5400+30"]

1. d4 Nf6 2. c4 e6 3. Nc3 Bb4 4. e3 c5 5. Bd3 Nc6 6. Nge2 d5 7. cxd5 exd5 8. a3 Bxc3+ 9. bxc3 O-O 10. f3 Re8 11. O-O b6 12. Ra2 Na5 13. Ng3 Be6 {[%emt 0:09:19] E49: Nimzo-Indian: Rubinstein: 5 Bd3 d5 6 a3 Bxc3+ 7 bxc3.} 14. Raf2 cxd4 15. cxd4 Rc8 16. Ba6 $146 ({Predecessor:} 16. Bb1 Rc4 17. Ba2 Rc3 18. e4 dxe4 19. fxe4 Bxa2 20. Rxa2 Nxe4 21. Nf5 Nd6 22. Ng3 {0-1 Ezat,M (2390)-Pourkashiyan,A (2322) Titled Tuesday intern op 26th Apr Early blitz 2022 (3)}) 16... Rc3 17. Ne2 Rc7 18. Bd3 Qd7 19. a4 Qd6 20. e4 dxe4 21. Bf4 Qd7 22. fxe4 Rc4 23. d5 Bg4 24. Bxc4 Nxc4 25. Qd3 Nb2 26. Qd4 Nxe4 27. Qxb2 Nxf2 28. Rxf2 Qxd5 29. Ng3 h5 30. h3 h4 31. Nf1 Be6 32. Ne3 (32. Be5 $18 f6) 32... Qe4 33. Qc2 (33. Qb5 $18 Rc8 34. a5) 33... Qd4 34. Qd1 Rd8 (34... Qxd1+ $16 35. Nxd1 Rc8) 35. Qh5 $18 Qxa4 $2 (35... f6 {might work better.} 36. Qxh4 Qxa4) 36. Qxh4 (36. Be5 $142 {Qg5 is the strong threat.} Qe8 37. Qg5 (37. Qxh4 f6 $18)) 36... Rd3 37. Kh2 Qe4 38. Rf3 Rd4 39. Qg3 Qg6 40. Qf2 Ra4 $2 (40... Re4 41. Bb8 Qh5) 41. Be5 $18 Qh5 42. Qg3 Qg6 43. Qe1 Qe4 44. Qc3 Qb4 45. Qc7 Qc5 46. Qd8+ Qf8 47. Qg5 Ra5 48. Qf4 (48. Qg3 $142) 48... f6 $18 49. Bc3 Rg5 50. h4 Rh5 51. Be1 a5 (51... Qe8 $16 52. Bc3 Qe7) 52. g4 $18 Rb5 {[%emt 0:00:35] [#]} (52... Rc5 $142 53. g5 f5) 53. g5 $1 $18 Rb2+ 54. Bf2 (54. Kg1 $142 Rb1 55. Kf2) 54... Qb4 $2 (54... Rb4 55. Qg3 Kh8) 55. Qxb4 $2 (55. Qg3 $18 fxg5 56. Qe5 (56. Qxg5 Qd6+ 57. Kg1 Rb1+ 58. Kg2 Qd7 $16) (56. hxg5 Rd2 $18) 56... Qxh4+ 57. Kg2 Bh3+ 58. Kg1) 55... axb4 $14 56. gxf6 Re2 57. Kg3 b3 58. Rf4 b2 59. Rb4 Ba2 60. Kf3 Rxf2+ 61. Kxf2 b1=Q 62. Rxb1 Bxb1 63. Nd5 gxf6 64. Nxb6 Kg7 65. Kg3 $1 Bg6 66. Nd5 Kf7 67. Kf4 Kg7 68. Ne3 Kf7 69. Ng4 $1 Kg7 1/2-1/2

[Event "US Masters 2024"]
[Site "Charlotte"]
[Date "2024.11.29"]
[Round "4.17"]
[White "Prithu Gupta"]
[Black "Repka, Christopher"]
[Result "1-0"]
[ECO "C77"]
[WhiteElo "2412"]
[BlackElo "2520"]
[Annotator "TA"]
[PlyCount "71"]
[EventDate "2024.09.23"]
[EventType "swiss"]
[EventCountry "USA"]
[SourceTitle "playchess.com"]
[Source "ChessBase"]
[SourceQuality "1"]
[TimeControl "5400+30"]

1. e4 e5 2. Nf3 Nc6 3. Bb5 a6 4. Ba4 Nf6 5. d3 d6 6. c3 g6 7. O-O Bg7 8. Re1 O-O 9. h3 b5 10. Bc2 a5 11. a4 b4 {[%emt 0:00:04] The position is equal.} 12. Be3 Rb8 13. Nbd2 Ba6 14. d4 bxc3 15. bxc3 exd4 16. cxd4 Nb4 17. Bb1 Re8 18. Ra3 c6 19. Qc1 (19. Bg5 $11 Qb6 20. Rc3) 19... c5 20. dxc5 {[%emt 0:01:47] Bf4 would now be deadly.} dxc5 21. Bf4 Rb7 22. e5 Nfd5 23. Bg5 $36 {[%emt 0:01:03][%mdl 2048] White is pushing.} f6 {[%emt 0:04:20] [#]} (23... Qb6 $1 $11) 24. exf6 (24. Bh4 $1 $16) 24... Rxe1+ $11 25. Qxe1 Bxf6 26. Qe6+ Kg7 27. Ne4 Rb6 (27... Bxg5 $1 $11 28. Nfxg5 Re7) 28. Qg4 $16 {[%emt 0:02:24] White is more active.} Bc8 {[%emt 0:02:22] [#]} 29. Qh4 {[%emt 0:00:09][%cal Oe4f6] Hoping for Nxf6!} Nc6 $2 {[%emt 0:01:11][%mdl 8192] This costs Black the game.} (29... Be7 $16 {is tougher.}) 30. Qh6+ $18 Kh8 31. Ba2 {[%emt 0:04:27] Nxf6 would kill now.} c4 32. Nxf6 Nxf6 33. Re3 Ne7 34. Ne5 Qg8 {[%emt 0:05:33] Prevents Nf7+.} 35. Nxc4 Re6 36. Bxf6+ {[%emt 0:01:26] Weighted Error Value: White=0.09 (flawless) /Black=0.64.  Loses game:     	---       	Black=1      Mistake:       	White=2     	Black=2      Inaccurate:     	White=3     	Black=3      OK:         	White=11    	Black=11     Best:        	White=1     	Black=1} 1-0

[Event "US Masters 2024"]
[Site "Charlotte"]
[Date "2024.11.29"]
[Round "4.18"]
[White "Koustav Chatterjee"]
[Black "Tokhirjonova, Gulrukhbegim"]
[Result "1-0"]
[ECO "E04"]
[WhiteElo "2510"]
[BlackElo "2385"]
[Annotator "TA"]
[PlyCount "71"]
[EventDate "2024.09.23"]
[EventType "swiss"]
[EventCountry "USA"]
[SourceTitle "playchess.com"]
[Source "ChessBase"]
[SourceQuality "1"]
[TimeControl "5400+30"]

1. Nf3 Nf6 2. c4 e6 3. Nc3 d5 4. d4 c6 5. g3 dxc4 6. Bg2 b5 7. Ne5 Nd5 8. O-O {[%emt 0:01:09] aiming for Nxd5.} Be7 9. a4 b4 10. Nb1 {[%emt 0:06:04][%cal Oe2e4,Bc3b1,Bb1d2,Bd2b3][%mdl 32] The position is equal.} Ba6 11. e4 Nf6 12. Re1 O-O 13. Be3 (13. Nd2 $11 {is more appropriate.}) 13... Nfd7 {[%emt 0:07:04] White must now prevent ...Nxe5.} 14. Nf3 Qa5 (14... e5 $5) 15. Nbd2 Nb6 16. Bf1 c3 17. Nb3 Qh5 18. bxc3 bxc3 {[%emt 0:00:07][%cal Oc3c2] [#] Strongly threatening ...c2!} 19. Ne5 Qxd1 20. Rexd1 Bxf1 21. Kxf1 N6d7 22. a5 f5 23. Rac1 Nf6 24. Rxc3 Nxe4 25. Rc2 Rd8 26. Rb1 Rd5 27. f3 (27. Nxc6 $6 Nxc6 28. Rxc6 Rb5 $11) 27... Nf6 28. Nc5 $1 $36 {[%emt 0:00:12][%mdl 2048] White is more active.} ({Reject} 28. Nxc6 Nxc6 29. Rxc6 Rb5 $15) 28... Bxc5 29. Rxc5 Na6 $1 {[%emt 0:00:36] Black is weak on the dark squares} 30. Rxc6 Rxa5 31. Rb7 $1 {[%emt 0:02:26][%cal Ob7a7] Hoping for Rxa7! White has more active pieces.} Re8 $2 {[%emt 0:03:53][%mdl 8192] Black cannot hold the game after this.} (31... Ne8 $14) 32. Rxa7 $18 {[%emt 0:00:58] White is clearly winning.} Nd5 33. Bf2 (33. Rcxa6 Nxe3+ 34. Ke2 Rxa6 35. Rxa6 Nd5 $18) (33. Raxa6 Nxe3+ 34. Ke2 Rxa6 35. Rxa6 Nd5 $18) 33... Ndb4 {[%emt 0:00:44] [#]} (33... Ra1+ $142 34. Kg2 Nb8 35. Rxa1 Nxc6 36. Nxc6 h6) 34. Rxe6 $3 Rxe5 35. Rxe5 Rc8 36. Ree7 {[%emt 0:00:22] Weighted Error Value: White=0.10 (very precise) /Black=0.36.  Loses game:     	---       	Black=1      Mistake:       	White=1     	Black=1      Inaccurate:     	White=1     	Black=4      OK:         	White=8     	Black=11     Best:        	White=2     	Black=2      Strong:       	White=2     	Black=1      Brilliant:      	White=1     	---} 1-0

[Event "US Masters 2024"]
[Site "Charlotte"]
[Date "2024.11.29"]
[Round "4.19"]
[White "Fernandez, Daniel Howard"]
[Black "Wang, Tianqi"]
[Result "1/2-1/2"]
[ECO "B13"]
[WhiteElo "2503"]
[BlackElo "2323"]
[Annotator "RC"]
[PlyCount "132"]
[EventDate "2024.09.23"]
[EventType "swiss"]
[EventCountry "USA"]
[SourceTitle "playchess.com"]
[Source "ChessBase"]
[SourceQuality "1"]
[TimeControl "5400+30"]

1. e4 c6 2. d4 d5 3. exd5 cxd5 4. Nf3 Nc6 5. Bb5 Qa5+ 6. Nc3 Bg4 7. h3 Bxf3 8. Qxf3 e6 9. O-O Bd6 10. Qg4 g6 11. a3 Qc7 12. Re1 Kf8 13. Bd3 a6 14. Ne2 Kg7 15. Nf4 Nf6 16. Qh4 Rae8 17. Qh6+ Kxh6 18. Nxe6+ g5 19. Bxg5+ Kh5 20. g4+ Nxg4 21. hxg4+ Kxg4 22. Be2+ Kf5 23. Bd3+ Kg4 24. Be2+ Kf5 25. Nxc7 Bxc7 26. Be3 Rhg8+ 27. Kf1 Bh2 28. Bd3+ Kf6 29. c3 Na5 30. Ke2 Nc4 31. Bxc4 dxc4 32. Rh1 Bf4 33. Kf3 Bxe3 34. fxe3 Re6 35. Rxh7 Ke7 36. Rh2 Rf6+ 37. Ke2 Rb6 38. Rb1 Rg1 39. Rxg1 Rxb2+ 40. Kf3 Rxh2 41. a4 Rb2 42. Rg5 Rb3 43. Rc5 b5 44. axb5 axb5 45. Kf4 Kd6 46. e4 f6 47. Rh5 Rxc3 48. Rxb5 Rd3 49. d5 Rb3 50. Ra5 Rb6 51. Ra8 Kc5 52. Rc8+ Kd4 53. Rc6 Rb1 54. Kf5 Rf1+ 55. Ke6 Re1 56. d6 Rxe4+ 57. Kxf6 Re8 58. d7 Rd8 59. Rd6+ Ke4 60. Ke7 Rxd7+ 61. Kxd7 c3 62. Ke6 c2 63. Rc6 Kd3 64. Kd5 Kd2 65. Ke4 c1=Q 66. Rxc1 Kxc1 1/2-1/2